AoeStats
← ricky102603

Arabia

508650893Analyzed
1v1 RM · 10d ago on Sep 23, 2026· 38m 15s· 2 players
Game mode
Random Map
Map size
Tiny (2 player)
Population
200
Speed
Normal
Resources
Standard
Victory
Conquest
Starting age
Dark Age
Ending age
Imperial Age
RankedLock teamsTeams togetherTeam positionsShared explorationLock speedFull tech treeHidden civsTurbo modeCheats
Victory
Defeat
🇩🇪 Franks · Germany
1037
+14
🇹🇼 Ethiopians · Taiwan
997
-14
ricky102603
7:02 Loom
10:09 Feudal Age
16:11 Fletching
21:20 Castle Age
19:19 Double-Bit Axe
19:30 Horse Collar
20:12 Padded Archer Armor
20:52 Stone Mining
20:53 Gold Mining
21:59 Bodkin Arrow
21:35 Crossbowman
34:18 Leather Archer Armor
ogetschi
6:42 Loom
8:56 Feudal Age
9:32 Double-Bit Axe
21:05 Castle Age
20:58 Scale Barding Armor
23:31 Bow Saw
24:02 Husbandry
24:26 Chain Barding Armor
27:59 Wheelbarrow
28:16 Forging
30:50 Hand Cart
36:27 Imperial Age
34:48 Iron Casting
34:35 Elite Skirmisher
36:43 Fletching
36:53 Padded Archer Armor
37:56 Cavalier
Connection lost

Rejoining the realm…

Still unreachable

The connection could not be restored.

Session expired

The server has moved on; the page needs a fresh start.